 Dungeon Crawl Stone Soup version 0.19-a0-1686-g35356ef (webtiles) character file.

639 st0uf the Skirmisher (level 7, -1/56 HPs)
             Began as a Demonspawn Fighter on Sept 25, 2016.
             Was a Follower of Okawaru.
             Slain by an orc warrior
             ... wielding a +0 mace
              (13 damage)
             ... on level 3 of the Dungeon.
             The game lasted 00:14:19 (3707 turns).

st0uf the Skirmisher (Demonspawn Fighter)           Turns: 3707, Time: 00:14:20

Health: -1/56      AC: 12    Str: 19    XL:     7   Next: 25%
Magic:  5/7        EV: 13    Int:  9    God:    Okawaru [*.....]
Gold:   172        SH:  6    Dex: 12    Spells: 0 memorised, 6 levels left

rFire  . . .     SeeInvis .     a - +0 long sword
rCold  + + .     Gourm    .     b - +0 scale mail
rNeg   . . .     Faith    .     (no shield)
rPois  .         Spirit   .     (no helmet)
rElec  .         Dismiss  .     h - +0 cloak
rCorr  .         Reflect  +     (no gloves)
MR     +....     Harm     .     (no boots)
Stlth  +.........               A - +6 amulet of reflection
                                v - ring of protection from cold
                                p - ring of protection from magic

@: heroism
A: talons 2, slimy green scales 1, cold resistance 1
a: Heroism, Renounce Religion


You were on level 3 of the Dungeon.
You worshipped Okawaru.
Okawaru was aware of your devotion.
You were hungry.

You visited 1 branch of the dungeon, and saw 5 of its levels.

You collected 172 gold pieces.

Inventory:

Hand Weapons
 a - a +0 long sword (weapon)
Armour
 b - a +0 scale mail (worn)
 h - a +0 cloak (worn)
Jewellery
 p - a ring of protection from magic (left hand)
 v - a ring of protection from cold (right hand)
 A - a +6 amulet of reflection (around neck)
Scrolls
 c - 2 scrolls of enchant armour {unknown}
 i - a scroll of fear {unknown}
 j - 3 scrolls of magic mapping {unknown}
 k - 4 scrolls of identify
 l - 2 scrolls of teleportation {unknown}
 n - a scroll of enchant weapon {unknown}
 q - 2 scrolls of recharging {unknown}
 s - a scroll of amnesia {unknown}
 t - 4 scrolls of remove curse {unknown}
 u - a scroll of fog {unknown}
 y - a scroll of blinking {unknown}
Potions
 d - a potion of might
 e - a potion of brilliance {unknown}
 o - a potion of degeneration {unknown}
 r - 5 potions of curing {unknown}
 x - a potion of haste {unknown}
 z - a potion of agility {unknown}
 B - a potion of ambrosia {unknown}
Comestibles
 f - 3 bread rations
 g - 2 beef jerkies
 m - a slice of pizza


   Skills:
 * Level 5.6(10.6) Fighting
 * Level 4.3(9.3) Long Blades
 + Level 4.0(9.0) Armour
 + Level 2.4(7.4) Dodging
   Level 2.6(7.6) Shields


You had 6 spell levels left.
You didn't know any spells.

Dungeon Overview and Level Annotations

Branches:
Dungeon (5/15)
 Temple: D:4-7

Altars:
Okawaru

Shops:
D:4 =   D:5 =

Annotations:
D:4 st0uf's ghost, amateur DsFi


Innate Abilities, Weirdness & Mutations

You have razor-sharp toenails.
You are partially covered in slimy green scales. (AC +2)
Your flesh is cold resistant. (rC+)


Message History

The orc warrior barely misses you. The orc hits you but does no damage.
There is a stone staircase leading down here.
You gain the combat prowess of a mighty hero.
The orc warrior hits you with a mace!
* * * LOW HITPOINT WARNING * * *
The orc hits you but does no damage.
You hit the orc warrior. Your kick misses the orc warrior.
The orc warrior is lightly wounded.
The orc warrior completely misses you.
You riposte.
You hit the orc warrior.
You claw the orc warrior, but do no damage.
The orc warrior is lightly wounded.
The orc barely misses you.
You hit the orc warrior but do no damage.
Your kick misses the orc warrior.
The orc warrior is lightly wounded.
You block the orc warrior's attack. The orc closely misses you.
You hit the orc warrior. Your kick misses the orc warrior.
The orc warrior is moderately wounded.
The orc hits you but does no damage. The orc warrior hits you with a mace!
You die...

#.##.### #.##....
#.##..## #.##..#
#.##o.## ###.#.....
##.#.#...##
########..<.......
#@o.......#.#...## ###
#o######.#..#....# ..#
#.#######)#.#.....
#.####.##{o.........<..
#.........######.##....
#.####.......###.##.###
o.# #######.##.....# #
#.# #......#.### #o
#......#....


You could see an orc warrior and an orc.

Vanquished Creatures
  2 ogres
  A necrophage (D:5)
  A scorpion (D:4)
  A howler monkey (D:4)
  A centaur skeleton (D:4)
  An orc wizard (D:3)
  2 worker ants
  6 gnolls
  5 adders
  An ooze (D:1)
  A worm (D:3)
  4 leopard geckos
  13 orcs
  7 bats
  5 giant cockroaches
  5 goblins
  7 hobgoblins
  6 kobolds
  7 frilled lizards
  A jackal skeleton (D:4)
  11 rats
88 creatures vanquished.

Notes
Turn   | Place    | Note
-------+----------+-------------------------------------------
     0 | D:1      | st0uf the Demonspawn Fighter began the quest for the Orb.
     0 | D:1      | Reached XP level 1. HP: 18/18 MP: 1/1
   134 | D:1      | Gained mutation: Your flesh is cold resistant. (rC+) [demonic ancestry]
   134 | D:1      | Reached XP level 2. HP: 24/24 MP: 2/2
   596 | D:1      | Gained mutation: You have sharp toenails. [demonic ancestry]
   596 | D:1      | Reached XP level 3. HP: 29/29 MP: 3/3
   701 | D:2      | Found an iron altar of Okawaru.
   715 | D:2      | Became a worshipper of Warmaster Okawaru
   762 | D:2      | Reached skill level 1 in Dodging
  2017 | D:3      | Reached XP level 4. HP: 36/37 MP: 4/4
  2040 | D:3      | Reached skill level 4 in Fighting
  2551 | D:3      | Noticed an orc warrior
  2577 | D:3      | Gained mutation: You are partially covered in slimy green scales. (AC +2) [demonic ancestry]
  2577 | D:3      | Reached XP level 5. HP: 13/42 MP: 5/5
  3016 | D:4      | Noticed st0uf's ghost (amateur DsFi)
  3043 | D:4      | Noticed a necrophage
  3049 | D:4      | Noticed a phantom
  3054 | D:5      | Entered Level 5 of the Dungeon
  3059 | D:5      | Killed a necrophage
  3059 | D:5      | Gained mutation: You have razor-sharp toenails. [demonic ancestry]
  3059 | D:5      | Reached XP level 6. HP: 48/50 MP: 6/6
  3063 | D:5      | Found Obleclyo's Jewellery Boutique.
  3077 | D:5      | Reached * piety under Okawaru
  3115 | D:5      | Reached skill level 5 in Fighting
  3444 | D:4      | Found Locs's Jewellery Emporium.
  3609 | D:4      | Reached XP level 7. HP: 56/56 MP: 7/7
  3707 | D:3      | Slain by an orc warrior

Vault maps used:
D:1:      lemuel_arrival_room, minmay_fountain_box
D:2:      lemuel_round_altar
D:3:      serial_co_window_serial, co_window_corner_a,
          co_window_of_opportunity_a, co_window_paths_a, co_window_paths_a,
          co_window_paths_a, co_window_paths_b, co_window_corner_a,
          co_window_cross_2, co_window_unsneaky_path_c, co_window_corner_b,
          co_window_paths_d, glass_columns_b, uniq_natasha
D:4:      gammafunk_temple_overflow_statue, first_bread, serial_shops, shop
D:5:      serial_shops, kennysheep_little_box

Skill      XL: |  1  2  3  4  5  6  7 |
---------------+----------------------+-----
Long Blades    | 2 3 4 |  4.3
Dodging        | 1 2 |  2.4
Fighting       | 4 5 |  5.6
Armour         | 3 4 |  4.0
Shields        | |  2.6

Action                   |  1- 3 |  4- 6 |  7- 9 || total
-------------------------+-------+-------+-------++-------
Melee: Long sword        |   163 |   226 |    19 ||   408
       Kick              |    13 |    75 |     5 ||    93
Invok: Heroism           |       |     1 |     2 ||     3
  Use: Scroll            |       |     1 |       ||     1
  Eat: Chunk             |     4 |     5 |       ||     9
Armor: Scale mail        |    69 |    71 |     4 ||   144
Dodge: Dodged            |    62 |    86 |    10 ||   158
Block: Shield            |    27 |       |       ||    27
       Other             |       |    34 |    13 ||    47
